 Dungeon Crawl Stone Soup version 0.30-a0-540-g0af01429fa (webtiles) character file.

Game seed: 14210463313480058451

49 OTABOTABOTAB the Insei (level 3, -8/28 HPs)
             Began as a Gnoll Transmuter on Dec 26, 2022.
             Killed from afar by a white imp (11 damage)
             ... with a puff of frost
             ... on level 3 of the Dungeon.
             The game lasted 00:03:09 (1769 turns).

OTABOTABOTAB the Insei (Gnoll Transmuter)           Turns: 1769, Time: 00:03:09

Health: -8/28      AC:  5    Str: 11    XL:     3   Next: 77%
Magic:  8/9        EV: 13    Int: 12    God:
Gold:   123        SH:  0    Dex: 12    Spells: 8/12 levels left

rFire   . . .      SeeInvis .      - Unarmed
rCold   . . .      Faith    .    (no shield)
rNeg    . . .      Spirit   .    a - +0 robe
rPois   +          Reflect  .    (helmet currently unavailable)
rElec   .          Harm     .    (no cloak)
rCorr   .          Rampage  .    b - +2 pair of gloves
Will    .....                    (boots currently unavailable)
Stlth   ++                       (no amulet)
HPRegen 0.24/turn                Z - ring of wizardry {Wiz+, !d}
MPRegen 0.11/turn                P - ring of poison resistance {rPois, !d}

@: appendages (expiring)
A: horns 2, talons 2, fangs 1, strong nose, distributed training
a: End Transformation


You were on level 3 of the Dungeon.
You had temporarily grown beastly horns and talons.
You visited 1 branch of the dungeon, and saw 3 of its levels.

You collected 123 gold pieces.

Inventory:

Missiles
 k - 6 curare-tipped darts
Armour
 a - a +0 robe (worn)
 b - a +2 pair of gloves (worn)
   (You found it on level 1 of the Dungeon)
 i - a +0 pair of boots (melded)
   (You found it on level 2 of the Dungeon)
Jewellery
 P - a ring of poison resistance (right hand) {rPois, !d}
   (You found it on level 2 of the Dungeon)
 X - a ring of resist corrosion
   (You found it on level 2 of the Dungeon)
 Z - a ring of wizardry (left hand) {Wiz+, !d}
   (You found it on level 3 of the Dungeon)
Wands
 h - a wand of acid (7)
   (You found it on level 2 of the Dungeon)
 y - a wand of mindburst (14)
   (You found it on level 3 of the Dungeon)
Scrolls
 c - a scroll of torment {unknown}
 e - a scroll of enchant weapon {unknown}
 f - a scroll of immolation {unknown}
 j - a scroll of fear {unknown}
 n - a scroll of magic mapping {unknown}
Potions
 d - a potion of mutation {unknown}
 g - 2 potions of cancellation {unknown}
 l - a potion of lignification {!q}
 m - 2 potions of curing {unknown}


   Skills:
 + Level 2.6 Fighting
 + Level 1.0 Short Blades
 + Level 1.0 Long Blades
 + Level 1.0 Axes
 + Level 1.0 Maces & Flails
 + Level 1.0 Polearms
 + Level 1.0 Staves
 + Level 1.0 Ranged Weapons
 + Level 1.0 Throwing
 + Level 1.0 Armour
 + Level 4.6 Dodging
 + Level 1.0 Stealth
 + Level 1.0 Shields
 + Level 6.5 Unarmed Combat
 + Level 5.0 Spellcasting
 + Level 0.7 Conjurations
 + Level 0.7 Hexes
 + Level 0.7 Summonings
 + Level 0.7 Necromancy
 + Level 0.7 Translocations
 + Level 3.8 Transmutations
 + Level 0.7 Fire Magic
 + Level 0.7 Ice Magic
 + Level 0.7 Air Magic
 + Level 0.7 Earth Magic
 + Level 0.7 Poison Magic
 + Level 1.0 Invocations
 + Level 1.0 Evocations


You had 8 spell levels left.
You knew the following spells:

 Your Spells              Type           Power      Damage    Failure   Level
a - Beastly Appendage     Tmut           24%        N/A       1%          1
c - Spider Form           Tmut/Pois      8%         N/A       10%         3

Your spell library contained the following spells:

 Spells                   Type           Power      Damage    Failure   Level
 Wereblood                Tmut           12%        N/A       2%          2
 Gell's Gravitas          Tloc           4%         N/A       17%         3
 Teleport Other           Tloc           4%         N/A       17%         3
 Ice Form                 Ice/Tmut       8%         N/A       30%         4
 Dispersal                Tloc           2%         N/A       100%        6


Dungeon Overview and Level Annotations

Branches:
Dungeon (3/15)

Altars:


Innate Abilities, Weirdness & Mutations

You have temporarily grown beastly horns and talons.
You have very sharp teeth.
Your uncanny sense of smell can sniff out nearby items.
Your experience applies equally to all skills.


Message History

You throw a stone. The stone hits the goblin.
You throw a stone. The stone closely misses the goblin.
You throw a stone. The stone hits the goblin.
You kill the goblin!
No target in view!
No target in view!
No target in view!
Your transformation is almost over.
Z - a ring of wizardry {Wiz+, !d} MP restored: 9 You're wearing all the rings you can.
Remove which one? (? for menu, Esc to cancel) < or
X - a ring of resist corrosion > or
P - a ring of poison resistance {rPois, !d} You remove your ring of resist corrosion.
Z - a ring of wizardry (left hand) {Wiz+, !d}
Okay, then.
A giant cockroach comes into view.
A giant cockroach is nearby!
You throw a stone.
The stone hits the giant cockroach but does no damage.
You throw a stone.
The stone barely misses the giant cockroach.
You extend your transformation's duration.
You now have 8/9 mp.
You hit the giant cockroach but do no damage.
You headbutt the giant cockroach.
You kill the giant cockroach!
No target in view!
Your horns disappear.
Your talons disappear.
Your +0 pair of boots unmelds from your body.
m - 2 metallic sapphire potions (gained 1)
A rat comes into view.
MP restored: 9 A rat is nearby!
A rat is nearby!
Found a stone staircase leading down.
You closely miss the rat. You bite the rat. The rat closely misses you.
You barely miss the rat. The rat barely misses you.
You hit the rat.
You kill the rat!
No target in view!
You now have 123 gold pieces (gained 9).
You see here a rat corpse.
A white imp comes into view.
A white imp is nearby!
The white imp shouts!
You hear a shout! x5
An orc priest comes into view. It is wielding a +0 hand axe.
You grow a pair of large bovine horns.
Your feet morph into talons.
Your +0 pair of boots melds into your body.
You now have 8/9 mp.
An orc comes into view. It is wielding a +2 dagger of venom.
The white imp gestures at you. The puff of frost hits you.
You take 6 damage, and have 22/28 hp.
MASSIVE DAMAGE!!
Okay, then.
The spell is quite dangerous to miscast (10% risk of failure)!
Continue anyway?
Okay, then.
The orc priest calls down the wrath of Beogh upon you.
Keep disrobing? [Y]es or [N]o only, please.
Keep disrobing? [Y]es or [N]o only, please.
Keep disrobing? [Y]es or [N]o only, please.
Keep disrobing? [Y]es or [N]o only, please.
Keep disrobing? [Y]es or [N]o only, please.
Keep disrobing? [Y]es or [N]o only, please.
Keep disrobing? [Y]es or [N]o only, please.
Keep disrobing? [Y]es or [N]o only, please.
Keep disrobing? [Y]es or [N]o only, please.
Keep disrobing? [Y]es or [N]o only, please.
Keep disrobing?
You stop removing your armour.
You barely resist.
An orc comes into view. It is wielding a +0 dagger.
An orc comes into view. It is wielding a +0 mace of protection.
Unknown command.
Unknown command.
The white imp attacks as you move away!
The white imp hits you but does no damage.
Your transformation is almost over.
The orc priest invokes the aid of Beogh against you.
Beogh smites you!
You take 12 damage, and have 11/28 hp.
MASSIVE DAMAGE!!
The white imp attacks as you move away! The white imp hits you.
* * * LOW HITPOINT WARNING * * *
The white imp freezes you.
* * * LOW HITPOINT WARNING * * *
The white imp gestures at you. The puff of frost hits you!
You die...

#.##.###########.#####
......... #.#
..##.#### #.# ####.#
#.# #.# #.# #.# #.#
... #.#########
#.#.......#
#@#.....!.#
#.#.......#
#.5...o...#
.........(...o.#
.$######....o...
#.....o.. #########


You could see a white imp.

Vanquished Creatures
  A worm (D:2)
  2 dart slugs
  6 endoplasms
  3 giant cockroaches
  5 hobgoblins
  2 jackals (D:1)
  2 quokkas
  2 ball pythons
  2 bats
  3 frilled lizards
  3 goblins
  5 kobolds
  3 rats
39 creatures vanquished.

Notes
Turn   | Place    | Note
-------+----------+-------------------------------------------
     0 | D:1      | OTABOTABOTAB the Gnoll Transmuter began the quest for the
                  | Orb.
     0 | D:1      | Reached XP level 1. HP: 17/17 MP: 6/6
   186 | D:1      | Reached XP level 2. HP: 22/23 MP: 5/7
   745 | D:1      | Reached skill level 5 in Spellcasting
   745 | D:1      | Reached XP level 3. HP: 27/28 MP: 7/9
  1095 | D:2      | Reached skill level 1 in Invocations
  1101 | D:2      | Learned a level 3 spell: Spider Form
  1598 | D:3      | Reached skill level 1 in Short Blades
  1598 | D:3      | Reached skill level 1 in Long Blades
  1598 | D:3      | Reached skill level 1 in Axes
  1598 | D:3      | Reached skill level 1 in Maces & Flails
  1598 | D:3      | Reached skill level 1 in Polearms
  1598 | D:3      | Reached skill level 1 in Staves
  1598 | D:3      | Reached skill level 1 in Ranged Weapons
  1598 | D:3      | Reached skill level 1 in Throwing
  1598 | D:3      | Reached skill level 1 in Armour
  1598 | D:3      | Reached skill level 1 in Stealth
  1598 | D:3      | Reached skill level 1 in Shields
  1598 | D:3      | Reached skill level 1 in Evocations
  1769 | D:3      | HP: 7/28 [white imp (4)]
  1769 | D:3      | HP: 3/28 [white imp (4)]
  1769 | D:3      | Killed from afar by a white imp

Illustrated notes

Levels and vault maps discovered:
D:1:      minmay_arrival_radiant_lines, layout_basic
D:2:      layout_basic
D:3:      layout_loops_ring, nicolae_overflow_hidden_temple,
          kennysheep_generic_room_14

Skill      XL: |  1  2  3 |
---------------+----------+-----
Spellcasting   | 5 |  5.0
Invocations    | 1 |  1.0
Short Blades   | 1 |  1.0
Long Blades    | 1 |  1.0
Axes           | 1 |  1.0
Maces & Flails | 1 |  1.0
Polearms       | 1 |  1.0
Staves         | 1 |  1.0
Ranged Weapons | 1 |  1.0
Throwing       | 1 |  1.0
Armour         | 1 |  1.0
Stealth        | 1 |  1.0
Shields        | 1 |  1.0
Evocations     | 1 |  1.0
Fighting       | |  2.6
Dodging        | |  4.6
Unarmed Combat | |  6.5
Conjurations   | |  0.7
Hexes          | |  0.7
Summonings     | |  0.7
Necromancy     | |  0.7
Translocations | |  0.7
Transmutations | |  3.8
Fire Magic     | |  0.7
Ice Magic      | |  0.7
Air Magic      | |  0.7
Earth Magic    | |  0.7
Poison Magic   | |  0.7

Action                   || total
-------------------------++-------
Melee: Unarmed           ||    83
       Kick              ||    15
       Headbutt          ||    11
       Punch             ||     3
       Bite              ||     5
Throw: Stone             ||    24
 Cast: Beastly Appendage ||    29
 Abil: End Transformatio ||    24
 Stab: Sleeping          ||     1
Armor: Robe              ||    21
Dodge: Dodged            ||    39

Table legend: (Time is in decaauts)
 A = Elapsed time spent in this place.
 B = Non-inter-level travel time spent in this place.
 C = Inter-level travel time spent in this place.
 D = Time resting spent in this place.
 E = Time spent auto-exploring this place.
 F = Levels seen in this place.
 G = Mean time per level.
                   A        B        C        D        E       F      G
               +--------+--------+--------+--------+--------+-----+--------+
         Total |   1757 |   1682 |     75 |      0 |   1401 |   3 |  585.7 |
       Dungeon |   1757 |   1682 |     75 |      0 |   1401 |   3 |  585.7 |
               +--------+--------+--------+--------+--------+-----+--------+

Top non-repeatable levels by time:
     D:1: 871 daAuts
     D:2: 640 daAuts
     D:3: 245 daAuts

Table legend:
 A = Kills in this place as a percentage of kills in entire the game.
 B = Kills by you in this place as a percentage of kills by you in the entire game.
 C = Kills by friends in this place as a percentage of kills by friends in the entire game.
 D = Other kills in this place as a percentage of other kills in the entire game.
 E = Experience gained in this place as a percentage of experience gained in the entire game.
 F = Experience gained in this place divided by the number of levels of this place that you have seen.
                   A       B       C       D       E      F
               +-------+-------+-------+-------+-------+----------------------
         Total | 100.0 | 100.0 |   N/A |   N/A | 100.0 |  23.7
       Dungeon | 100.0 | 100.0 |   N/A |   N/A | 100.0 |  23.7
               +-------+-------+-------+-------+-------+----------------------
